 Dungeon Crawl Stone Soup version 0.24-a0-549-g45f0056d81 (webtiles) character file.

Game seed: 13697401828904480984

3498 Flugkiller the Nimble (level 10, -4/68 HPs)
             Began as an Octopode Hunter on Aug 20, 2019.
             Was a Priest of Wu Jian.
             Slain by an orc warrior
             ... wielding a +0 quarterstaff of protection
              (27 damage)
             ... in a bailey.
             The game lasted 00:15:02 (9673 turns).

Flugkiller the Nimble (Octopode Hunter)             Turns: 9673, Time: 00:15:02

Health: -4/68      AC:  1    Str: 14    XL:     10   Next: 7%
Magic:  23/23      EV: 18    Int: 17    God:    Wu Jian [***...]
Gold:   366        SH:  0    Dex: 13    Spells: 11/14 levels left

rFire    . . .     SeeInvis .   v - +8 flail of Cuimitey {crush, Fragile +Fly Str+3 Stlth+}
rCold    . . .     Gourm    .   (no shield)
rNeg     . . .     Faith    .   (helmet restricted)
rPois    .         Spirit   .   (no amulet)
rElec    .         Reflect  .   r - ring of magical power
rCorr    .         Harm     .   (no ring)
MR       .....                  (no ring)
Stlth    +++++.....             (no ring)
HPRegen  0.21/turn              (no ring)
MPRegen  0.18/turn              (no ring)
                                (no ring)
                                (no ring)

@: no status effects
A: almost no armour, stealthy swim, amphibious, 8 rings, constrict 8, camouflage
1, gelatinous body 1
a: Wall Jump, Serpent's Lash, Renounce Religion, Evoke Flight


You were in a bailey.
You worshipped Wu Jian.
Wu Jian was most pleased with you.
You were not hungry.

You visited 1 branch of the dungeon, and saw 8 of its levels.
You also visited: Sewer and Bailey.

You collected 366 gold pieces.

Inventory:

Hand Weapons
 a - a +0 short sword
 n - a +1 whip of electrocution
   (You took it off a gnoll on level 2 of the Dungeon)
 v - the +8 flail of Cuimitey (weapon) {crush, Fragile +Fly Str+3 Stlth+}
   (You found it on level 4 of the Dungeon)

   It inflicts extra damage upon your enemies.
   It affects your strength (+3).
   It lets you fly.
   It will be destroyed if unequipped.
   It makes you more stealthy.
 x - a +5 flail of draining
   (You took it off Edmund on level 5 of the Dungeon)
Missiles
 b - 6 javelins
 c - 2 throwing nets
 e - 25 poisoned darts
 l - 48 bolts
 m - 17 boomerangs (quivered)
 q - 79 arrows
Jewellery
 r - a ring of magical power (left tentacle)
   (You found it on level 4 of the Dungeon)
Wands
 y - a wand of flame (16)
   (You took it off Grinder on level 5 of the Dungeon)
 z - a wand of digging (6)
   (You found it on level 6 of the Dungeon)
Scrolls
 i - 2 scrolls of remove curse
 j - 2 scrolls of teleportation
 k - 3 scrolls of fog
 t - a scroll of amnesia {unknown}
 w - 2 scrolls of blinking {unknown}
 D - a scroll of immolation {unknown}
 F - a scroll of enchant armour {unknown}
Potions
 f - 5 potions of brilliance
 g - 5 potions of lignification
 h - a potion of mutation {unknown}
 o - 3 potions of agility
 p - 6 potions of curing
 s - 3 potions of flight
 u - a potion of resistance
 A - a potion of haste
 B - a potion of heal wounds
 C - 2 potions of might
Comestibles
 d - 14 rations
 E - 8 chunks of flesh


   Skills:
 - Level 6.0 Fighting
 - Level 4.0 Throwing
 - Level 9.0 Dodging
 - Level 5.0 Stealth
 - Level 4.5 Unarmed Combat
 - Level 2.9 Spellcasting
 + Level 6.3 Transmutations


You had 11 spell levels left.
You knew the following spells:

 Your Spells              Type           Power        Failure   Level  Hunger
a - Beastly Appendage     Tmut           ###...       1%          1    #......
b - Sticks to Snakes      Tmut           ###.....     1%          2    ##.....

Your spell library contained the following spells:

 Spells                   Type           Power        Failure   Level  Hunger
 Passwall                 Tmut/Erth      ##......     8%          2    ##.....
 Spider Form              Tmut/Pois      ##........   14%         3    ###....
 Sandblast                Erth           #.....       19%         1    #......
 Blade Hands              Tmut           ###.......   36%         5    ######.
 Ice Form                 Ice/Tmut       ##......     43%         4    #####..
 Petrify                  Tmut/Erth      ##......     43%         4    #####..
 Stone Arrow              Conj/Erth      #.....       47%         3    ###....
 Lee's Rapid Deconstruct  Erth           #.........   99%         5    ######.


Dungeon Overview and Level Annotations

Branches:
Dungeon (8/15)             Temple (0/1) D:7
   Lair: D:8-11

Altars:
Cheibriados
Fedhas
Hepliaklqana
Kikubaaqudgha
Trog
Wu Jian
Xom
The Shining One

Shops:
D:6 :

Annotations:
D:8 Psyche


Innate Abilities, Weirdness & Mutations

You cannot wear most types of armour.
You are very stealthy in the water. (Stealth+)
You are amphibious.
You can wear up to eight rings at the same time.
You can use your tentacles to constrict eight enemies at once.
Your skin changes colour to match your surroundings (Stealth+).
Your rubbery body absorbs attacks. (AC +1, EV +1)


Message History

You constrict the orc warrior.
The orc warlord roars a battlecry!
The orc warrior goes into a battle-frenzy!
The orc warrior misses you.
You hit the orc warrior but do no damage.
The orc warrior is severely wounded.
You constrict the orc warrior.
The orc warrior hits you with a +0 quarterstaff of protection!!
* * * LOW HITPOINT WARNING * * *
You release your grip on the orc warrior.
Things that are here:
a +0 hand axe; a +0 leather armour A goblin comes into view.
It is wielding a +0 hand axe.
The goblin moves out of view.
Evoke which item? (* to show all) (? for menu, Esc to quit)
Okay, then.
Unknown command.
The goblin shouts!
The orc warlord unwields a +0 war axe.
The orc warlord wields a +0 arbalest.
The orc warlord shoots a bolt.
The bolt hits you!
* * * LOW HITPOINT WARNING * * *
You see here a bolt.
The goblin hits you with a +0 hand axe.
* * * LOW HITPOINT WARNING * * *
There is an open gate here.
Unknown command.
Unknown command.
You feel much better.
The orc warrior hits you with a +0 quarterstaff of protection!!
* * * LOW HITPOINT WARNING * * *
The goblin hits you with a +0 hand axe.
* * * LOW HITPOINT WARNING * * *
Unknown command.
You feel much better.
The orc warrior hits you with a +0 quarterstaff of protection!
* * * LOW HITPOINT WARNING * * *
The goblin closely misses you. The goblin barely misses you.
Unknown command.
You hit the orc warrior. Your grab misses the orc warrior.
Your tentacle-slap misses the orc warrior.
You squeeze the orc warrior, but do no damage.
The orc warrior is almost dead.
The orc warrior barely misses you.
Unknown command.
You hit the orc warrior but do no damage.
You grab the orc warrior.
The orc warrior is almost dead.
You constrict the orc warrior, but do no damage.
The orc warrior hits you with a +0 quarterstaff of protection!!
You die...

♣♣♣ ♣♣♣♣.♣♣♣♣
♣♣.♣.....♣♣♣
♣..........♣♣
♣.)...∩.....♣
♣)).......gg♣
♣♣....∩..go@♣
♣))).....♣♣♣
♣.)))).o..♣
♣♣##)''##♣♣
##.)...##
#...(...#
##.......##
#.........#
##.........#


You could see an orc warlord, an orc warrior and 3 goblins.

Vanquished Creatures
  Pikel (D:4)
  An orc knight (Bailey)
  Grinder (D:5)
  Sigmund (D:3)
  A steam dragon (D:5)
  Edmund (D:5)
  Duvessa (D:4)
  4 orc warriors (Bailey)
  2 phantoms (D:6)
  A slave (D:4)
  An ogre (D:4)
  A centaur (D:6)
  A big kobold (Sewer)
  A bullfrog (D:6)
  Dowan (D:4)
  A scorpion (D:6)
  5 howler monkeys
  2 crimson imps (D:6)
  A bullfrog zombie (D:6)
  A hound (D:6)
  A jelly (D:6)
  4 worker ants
  Natasha (thrice) (D:2)
  A hound zombie (D:6)
  10 gnolls
  8 adders
  8 river rats
  A shadow imp (D:8)
  2 oozes (D:1)
  An adder skeleton (D:5)
  4 worms
  6 dart slugs
  5 leopard geckos
  16 orcs
  5 ball pythons (Sewer)
  2 giant cockroaches
  17 goblins
  22 hobgoblins
  4 jackals (D:2)
  2 quokkas
  3 bats (D:1)
  4 frilled lizards
  A goblin skeleton (D:6)
  2 goblin zombies (D:6)
  3 hobgoblin zombies (D:6)
  25 kobolds
  3 kobold skeletons (D:6)
  A kobold zombie (D:6)
  20 rats
213 creatures vanquished.

Notes
Turn   | Place    | Note
-------+----------+-------------------------------------------
     0 | D:1      | Flugkiller the Octopode Hunter began the quest for the Orb.
     0 | D:1      | Reached XP level 1. HP: 14/14 MP: 1/1
    35 | D:1      | Reached XP level 2. HP: 10/19 MP: 2/2
   683 | D:1      | Reached XP level 3. HP: 15/24 MP: 3/3
  1050 | D:2      | Reached skill level 5 in Stealth
  1073 | D:2      | Reached XP level 4. HP: 19/29 MP: 4/4
  1201 | D:2      | Found a snail-covered altar of Cheibriados.
  1233 | D:2      | Noticed Natasha
  1246 | D:2      | Killed Natasha
  1595 | D:2      | Noticed Natasha
  2207 | D:2      | Reached XP level 5. HP: 26/36 MP: 5/5
  2472 | D:2      | Reached skill level 3 in Dodging
  2579 | D:2      | Found a snail-covered altar of Cheibriados.
  2828 | D:2      | Killed Natasha
  3091 | D:2      | Found a snail-covered altar of Cheibriados.
  3204 | D:2      | Noticed Natasha
  3211 | D:2      | Killed Natasha
  3606 | D:3      | Found a blossoming altar of Fedhas.
  3746 | D:3      | Found an ancient bone altar of Kikubaaqudgha.
  3748 | D:3      | Found an ornate altar of the Wu Jian Council.
  3752 | D:3      | Found a bloodstained altar of Trog.
  3761 | D:3      | Became a worshipper of the Wu Jian Council
  4439 | D:3      | Noticed Sigmund
  4444 | D:3      | Killed Sigmund
  4444 | D:3      | Reached skill level 4 in Dodging
  4444 | D:3      | Reached XP level 6. HP: 44/44 MP: 6/6
  4568 | D:3      | Learned a level 1 spell: Beastly Appendage
  4996 | D:4      | Reached skill level 1 in Unarmed Combat
  4996 | D:4      | Reached XP level 7. HP: 46/49 MP: 6/8
  5072 | D:4      | Reached skill level 1 in Transmutations
  5078 | D:4      | Noticed Pikel
  5105 | D:4      | Killed Pikel
  5105 | D:4      | Reached XP level 8. HP: 50/54 MP: 8/12
  5389 | D:4      | Noticed Dowan
  5436 | D:4      | Noticed Duvessa
  5565 | D:4      | Killed Duvessa
  5577 | D:4      | Killed Dowan
  5833 | D:4      | Got a crude flail
  5990 | D:4      | Identified the +8 flail of Cuimitey {crush, Fragile +Fly
                  | Str+3 Stlth+} (You found it on level 4 of the Dungeon)
  5994 | D:4      | Learned a level 2 spell: Sticks to Snakes
  6005 | D:5      | Entered Level 5 of the Dungeon
  6023 | D:5      | Noticed Edmund
  6030 | D:5      | Killed Edmund
  6086 | D:5      | Noticed Grinder
  6089 | D:5      | Paralysed by Grinder for 4 turns
  6095 | D:5      | Killed Grinder
  6095 | D:5      | Reached skill level 5 in Fighting
  6095 | D:5      | Reached skill level 5 in Dodging
  6178 | D:5      | Reached * piety under Wu Jian
  6325 | D:5      | Found a hazy altar of Hepliaklqana.
  6407 | D:5      | Reached XP level 9. HP: 62/62 MP: 13/13
  6890 | D:6      | Found Vimut's Book Shoppe.
  6915 | D:6      | Found a glowing golden altar of the Shining One.
  6963 | D:6      | Found a glowing drain.
  6968 | D:6      | Reached skill level 6 in Dodging
  6991 | Sewer    | Entered a sewer
  7085 | Sewer    | Reached ** piety under Wu Jian
  7872 | D:6      | Reached skill level 7 in Dodging
  8336 | D:6      | Reached skill level 8 in Dodging
  8531 | D:6      | You fall into a shaft and drop 2 floors!
  8541 | D:8      | Noticed Psyche
  8585 | D:8      | Found a shimmering altar of Xom.
  8588 | D:8      | Found a shimmering altar of Xom.
  8590 | D:8      | Found a shimmering altar of Xom.
  8591 | D:8      | Found a shimmering altar of Xom.
  8601 | D:8      | Found a shimmering altar of Xom.
  8601 | D:8      | Found a shimmering altar of Xom.
  8602 | D:8      | Found a shimmering altar of Xom.
  8655 | D:7      | Reached *** piety under Wu Jian
  8660 | D:7      | Found a flagged portal.
  8668 | Bailey   | Entered a bailey
  8827 | Bailey   | Reached skill level 9 in Dodging
  9113 | Bailey   | Noticed an orc knight
  9166 | Bailey   | Killed an orc knight
  9166 | Bailey   | Reached skill level 5 in Transmutations
  9166 | Bailey   | Reached XP level 10. HP: 47/68 MP: 14/14
  9629 | Bailey   | Noticed an orc warlord
  9673 | Bailey   | Slain by an orc warrior

Levels and vault maps discovered:
D:1:      minmay_arrival_three_doors, layout_basic
D:2:      layout_loops_ring, kennysheep_slug_shrine, uniq_natasha
D:3:      layout_basic, minitemple, fedhas_altar_2, first_ration, uniq_sigmund
D:4:      layout_loops_corners, minivault_1, uniq_pikel, uniq_duvessa
D:5:      layout_loops_corners, kennysheep_little_box, uniq_grinder, uniq_edmund
D:6:      minmay_thinvault, layout_loops_ring, nicolae_tso_besieged_by_evil,
          kennysheep_mini, nicolae_qazlal_style_of_elements,
          nicolae_overflow_hidden_temple, basic_altar, serial_shops, shop,
          portal_sewer_entry_b, lightli_corner_chamber
D:7:      layout_basic, kennysheep_mini_moat, minmay_temple_entry_sparse_star,
          enter_bailey_3, uniq_menkaure
D:8:      layout_loops_ring, xom_shifter_show, uniq_psyche
Bailey:   bailey_axe_minmay_hex_keep, bailey

Skill      XL: |  1  2  3  4  5  6  7  8  9 10 |
---------------+-------------------------------+-----
Stealth        | 3 4 5 |  5.0
Fighting       | 4 5 6 |  6.0
Dodging        | 4 5 9 |  9.0
Unarmed Combat | 1 3 4 |  4.5
Transmutations | 3 4 5 6 |  6.3
Spellcasting   | 2 |  2.9
Throwing       | |  4.0

Action                   |  1- 3 |  4- 6 |  7- 9 | 10-12 || total
-------------------------+-------+-------+-------+-------++-------
Melee: Short sword       |    70 |    34 |       |       ||   104
       Tentacles         |    10 |    11 |    39 |     7 ||    67
       Constrict         |    16 |    19 |    62 |     5 ||   102
       Whip              |       |    36 |    32 |       ||    68
       Flail             |       |       |   226 |    24 ||   250
       Punch             |       |       |     5 |       ||     5
Throw: Dart              |       |     5 |     3 |       ||     8
       Javelin           |       |     2 |     1 |       ||     3
       Boomerang         |       |     4 |    22 |     5 ||    31
 Cast: Sticks to Snakes  |       |       |     6 |       ||     6
Invok: Lunge             |       |     3 |    26 |     4 ||    33
       Whirlwind         |       |       |     6 |       ||     6
       Serpent's Lash    |       |       |     1 |       ||     1
Evoke: Wand              |       |       |     2 |       ||     2
  Use: Potion            |       |     5 |     3 |     2 ||    10
       Scroll            |       |     5 |     6 |       ||    11
 Stab: Sleeping          |    11 |    12 |    25 |       ||    48
       Distracted        |       |       |     1 |       ||     1
  Eat: Chunk             |       |     6 |    10 |     2 ||    18
       Ration            |       |     2 |     1 |       ||     3
Armor: Skin              |     4 |     1 |    16 |       ||    21
Dodge: Dodged            |    39 |    50 |   188 |    13 ||   290

Table legend:
 A = Non-vault XP
 B = Vault XP
 C = Vault XP percentage of total XP
 D = Non-vault monster count
 E = Vault monster count
 F = Vault count percentage of total count
                 A         B        C        D         E       F
            +---------+---------+-------+---------+---------+-------
      Total |    1028 |    3970 |  79.4 |      78 |     134 |  63.2
            +---------+---------+-------+---------+---------+-------
        D:1 |      56 |       0 |   0.0 |      25 |       0 |   0.0
        D:2 |     191 |      39 |  17.0 |      26 |       2 |   7.1
        D:3 |      30 |     208 |  87.4 |       8 |       1 |  11.1
        D:4 |     274 |     939 |  77.4 |      10 |       3 |  23.1
        D:5 |     299 |     441 |  59.6 |       4 |       2 |  33.3
        D:6 |     166 |     844 |  83.6 |       4 |      29 |  87.9
        D:7 |       0 |       7 | 100.0 |       0 |       4 | 100.0
        D:8 |      12 |       0 |   0.0 |       1 |       0 |   0.0
      Sewer |       0 |     284 | 100.0 |       0 |      48 | 100.0
     Bailey |       0 |    1208 | 100.0 |       0 |      45 | 100.0
            +---------+---------+-------+---------+---------+-------
